 Dungeon Crawl Stone Soup version 0.20-a0-642-g4ff03ff (webtiles) character file.

5798 Chiseanne the Warmonger (level 10, -1/94 HPs)
             Began as a Minotaur Gladiator on Feb 14, 2017.
             Was an Elder of Okawaru.
             Slain by a troll (6 damage)
             ... on level 9 of the Dungeon.
             The game lasted 00:18:05 (8686 turns).

Chiseanne the Warmonger (Minotaur Gladiator)        Turns: 8686, Time: 00:18:05

Health: -1/94      AC:  9    Str: 18    XL:     10   Next: 50%
Magic:  16/16      EV: 15    Int:  5    God:    Okawaru [****..]
Gold:   479        SH:  0    Dex: 14    Spells: 8/9 levels left

rFire    + . .     SeeInvis .   a - +0 great sword
rCold    . . .     Gourm    .   b - +1 ring mail {rN+}
rNeg     + . .     Faith    .   (shield currently unavailable)
rPois    .         Spirit   .   c - +1 hat
rElec    .         Reflect  .   (no cloak)
rCorr    .         Harm     .   (no gloves)
MR       +....                  E - +1 pair of boots
Stlth    +.........             (no amulet)
Regen    0.3/turn               j - ring of protection from magic
MPRegen  0.2/turn               (no ring)

@: no status effects
A: retaliatory headbutt, horns 2, clumsy 1, fire resistance 1, robust 1
a: Heroism, Renounce Religion


You were on level 9 of the Dungeon.
You worshipped Okawaru.
Okawaru was greatly pleased with you.
You were not hungry.

You visited 1 branch of the dungeon, and saw 9 of its levels.

You collected 479 gold pieces.

Inventory:

Hand Weapons
 a - a +0 great sword (weapon)
 s - a +1 scimitar of flaming
Missiles
 d - 5 throwing nets {!*}
 h - 55 bolts
 k - 88 sling bullets
 m - 265 stones (quivered)
 q - 196 arrows
 y - 35 poisoned needles
 J - 5 needles of paralysis {god gift}
 N - 3 javelins
Armour
 b - a +1 ring mail of positive energy (worn)
 c - a +1 hat (worn)
 E - a +1 pair of boots (worn)
 L - +0 ice dragon scales
Jewellery
 g - an uncursed ring of ice
 j - a ring of protection from magic (right hand)
Wands
 e - a wand of paralysis (14/24)
 i - a wand of lightning (0/15)
 z - a wand of clouds (0/9)
 A - a wand of clouds (0/9)
 M - a wand of disintegration (16/24)
 O - a wand of paralysis (10/24)
Scrolls
 r - a scroll of recharging
 t - 5 scrolls of teleportation
 v - 3 scrolls of immolation
 D - a scroll of magic mapping
 I - 2 scrolls of blinking
 K - 6 scrolls of remove curse
Potions
 l - a potion of lignification
 o - a potion of haste
 u - 5 potions of curing
 w - a potion of magic
 x - a potion of flight
 C - 2 potions of heal wounds
 G - a potion of berserk rage
Books
 F - a book of Maledictions

   Spells                             Type                      Level
   a - Corona                         Hexes                        1
   b - Ensorcelled Hibernation        Hexes/Ice                    2
   c - Confuse                        Hexes                        3
   d - Tukima's Dance                 Hexes                        3
   e - Dazzling Spray                 Conjuration/Hexes            3
 H - a book of Enchantments

   Spells                             Type                      Level
   a - Cause Fear                     Hexes                        4
   b - Yara's Violent Unravelling     Hexes/Transmutation          5
   c - Silence                        Hexes/Air                    5
   d - Deflect Missiles               Charms/Air                   6
   e - Discord                        Hexes                        8
Comestibles
 f - 10 bread rations
 n - 5 fruits
 p - 5 meat rations
 B - 5 royal jellies


   Skills:
 * Level 7.5 Fighting
 * Level 8.7 Long Blades
 - Level 3.5 Throwing
 * Level 3.4 Armour
 * Level 7.7 Dodging
 - Level 10.5 Invocations


You had 8 spell levels left.
You knew the following spells:

 Your Spells              Type           Power        Failure   Level  Hunger
a - Apportation           Tloc           #.....       86%         1    ##.....


Dungeon Overview and Level Annotations

Branches:
Dungeon (9/15)             Temple (0/1) D:6
   Lair: D:8-11         Orc: D:9-12

Altars:
Cheibriados
Okawaru


Innate Abilities, Weirdness & Mutations

You reflexively headbutt those who attack you in melee.
You have a pair of horns on your head.
You are clumsy. (Dex -2)
Your flesh is heat resistant. (rF+)
You are robust. (+10% HP)


Message History

The two-headed ogre hits you with a giant spiked club!
The two-headed ogre barely misses you.
You slice the two-headed ogre!!
The two-headed ogre is almost dead.
The troll bites you! The troll closely misses you. The troll claws you!
* * * LOW HITPOINT WARNING * * *
The adder zombie barely misses you.
You riposte.
You hit the adder zombie. Your headbutt misses the adder zombie.
The adder zombie is almost destroyed.
The two-headed ogre hits you with a giant spiked club!
* * * LOW HITPOINT WARNING * * *
The two-headed ogre closely misses you. The adder zombie closely misses you.
You riposte.
You slash the adder zombie!
You destroy the adder zombie!
Okawaru accepts your kill. The troll misses you. You furiously retaliate!
You headbutt the troll.
You riposte.
You slice the troll!! You headbutt the troll!
The troll is severely wounded.
The troll barely misses you. The troll claws you.
You die...

........#
........#
........#
........#
........#
........######
#.........#
#...<@O...#
#....T....#
#.........#
#.........#
#........$#
#...?.....#
..........#
...........#


You could see a two-headed ogre and a troll.

Vanquished Creatures
  Erica (D:8)
  2 two-headed ogres (D:8)
  Pikel (D:8)
  Psyche (D:8)
  3 hippogriffs
  Sigmund (D:2)
  Menkaure (D:6)
  2 sky beasts
  2 ice beasts
  A slave (D:8)
  A black bear (D:7)
  A phantom (D:3)
  4 centaurs
  An ogre (D:7)
  A big kobold (D:8)
  6 bullfrogs
  A howler monkey (D:8)
  3 orc wizards
  4 hounds
  3 jellies
  4 orc priests (D:8)
  A gnoll shaman (D:5)
  A bullfrog skeleton (D:5)
  4 iguanas
  4 worker ants
  A hound skeleton (D:7)
  10 gnolls
  11 adders
  A shadow imp (D:5)
  An adder zombie (D:9)
  An adder skeleton (D:5)
  2 worms
  2 dart slugs (D:1)
  3 leopard geckos
  22 orcs
  8 bats
  2 giant cockroaches
  4 goblins
  7 hobgoblins
  7 jackals
  4 quokkas
  5 frilled lizards
  A giant cockroach zombie (D:5)
  5 kobolds
  A leopard gecko skeleton (D:4)
  A quokka skeleton (D:8)
  5 rats
158 creatures vanquished.

Vanquished Creatures (others)
  A jackal (D:8)
1 creature vanquished.

Grand Total: 159 creatures vanquished

Notes
Turn   | Place    | Note
-------+----------+-------------------------------------------
     0 | D:1      | Chiseanne the Minotaur Gladiator began the quest for the Orb.
     0 | D:1      | Reached XP level 1. HP: 18/18 MP: 0/0
   172 | D:1      | Reached XP level 2. HP: 16/25 MP: 1/1
   688 | D:2      | Noticed Sigmund
   698 | D:2      | Gained mutation: You are weak. (Str -2) [potion of mutation]
   698 | D:2      | Gained mutation: Scrolls take you a little longer to read. [potion of mutation]
   698 | D:2      | Lost mutation: You are weak. (Str -2) [potion of mutation]
   698 | D:2      | Gained mutation: You are surrounded by a mild repulsion field. (EV +2) [potion of mutation]
   702 | D:2      | Killed Sigmund
   702 | D:2      | Reached XP level 3. HP: 28/33 MP: 2/2
   702 | D:2      | Reached XP level 4. HP: 34/40 MP: 3/3
   702 | D:2      | Reached XP level 5. HP: 39/46 MP: 4/4
   716 | D:2      | Reached skill level 5 in Long Blades
   719 | D:2      | Lost mutation: Scrolls take you a little longer to read. [potion of mutation]
   719 | D:2      | Lost mutation: You are surrounded by a mild repulsion field. (EV +2) [potion of mutation]
   719 | D:2      | Gained mutation: You are clumsy. (Dex -2) [potion of mutation]
   719 | D:2      | Gained mutation: You are robust. (+10% HP) [potion of mutation]
   719 | D:2      | Gained mutation: Your flesh is heat resistant. (rF+) [potion of mutation]
  1435 | D:3      | Found a faded altar of an unknown god.
  1505 | D:3      | Noticed a phantom
  1525 | D:3      | Killed a phantom
  1525 | D:3      | Reached XP level 6. HP: 27/58 MP: 5/5
  2268 | D:4      | Reached skill level 5 in Dodging
  3289 | D:4      | Learned a level 1 spell: Apportation
  3306 | D:5      | Entered Level 5 of the Dungeon
  3457 | D:5      | Noticed an ice beast
  3468 | D:5      | Killed an ice beast
  3468 | D:5      | Reached skill level 5 in Fighting
  3468 | D:5      | Reached XP level 7. HP: 38/67 MP: 6/6
  3892 | D:5      | Found an iron altar of Okawaru.
  3912 | D:5      | Became a worshipper of Warmaster Okawaru
  4750 | D:6      | Noticed Menkaure
  5339 | D:6      | Killed Menkaure
  5339 | D:6      | Reached XP level 8. HP: 77/77 MP: 7/7
  5597 | D:6      | Reached * piety under Okawaru
  6025 | D:6      | Found a staircase to the Ecumenical Temple.
  6192 | D:7      | Reached skill level 1 in Armour
  6361 | D:7      | Noticed a hippogriff
  6369 | D:7      | Killed a hippogriff
  6373 | D:7      | Reached ** piety under Okawaru
  6840 | D:7      | Reached XP level 9. HP: 82/86 MP: 8/8
  6855 | D:7      | Found a snail-covered altar of Cheibriados.
  6890 | D:7      | Reached skill level 1 in Invocations
  6950 | D:7      | Reached skill level 2 in Invocations
  7098 | D:7      | Reached skill level 3 in Invocations
  7584 | D:8      | Noticed a two-headed ogre
  7594 | D:8      | Killed a two-headed ogre
  7594 | D:8      | Reached *** piety under Okawaru
  7594 | D:8      | Reached skill level 6 in Invocations
  7738 | D:8      | Noticed Psyche
  7749 | D:8      | Killed Psyche
  7749 | D:8      | Reached skill level 7 in Invocations
  7754 | D:8      | Noticed Erica
  7774 | D:8      | Noticed a two-headed ogre
  7795 | D:8      | Killed Erica
  7795 | D:8      | Reached **** piety under Okawaru
  7795 | D:8      | Reached skill level 8 in Invocations
  7795 | D:8      | Reached XP level 10. HP: 93/94 MP: 13/15
  7800 | D:8      | Killed a two-headed ogre
  7800 | D:8      | Received a gift from Okawaru
  7800 | D:8      | Reached skill level 9 in Invocations
  8189 | D:8      | Noticed Pikel
  8197 | D:8      | Killed Pikel
  8197 | D:8      | Reached skill level 10 in Invocations
  8679 | D:9      | Noticed a two-headed ogre
  8686 | D:9      | Slain by a troll

Vault maps used:
D:1:      grunt_arrival_lava_bath
D:2:      minmay_tall_x, uniq_sigmund
D:3:      chequers_ecumenical_altar_simple, roderic_aztec_sauvastika
D:5:      first_bread, okawaru_metal_pillars_1_2
D:6:      minmay_temple_entry_hall, uniq_menkaure
D:7:      basic_altar, minmay_misc_feat_five, grunt_ogre_cave
D:8:      uniq_psyche, uniq_pikel, uniq_erica

Skill      XL: |  1  2  3  4  5  6  7  8  9 10 |
---------------+-------------------------------+-----
Fighting       | 4 5 6 7 |  7.5
Long Blades    | 4 5 6 7 8 |  8.7
Throwing       | 3 |  3.5
Dodging        | 4 5 6 7 |  7.7
Armour         | 3 |  3.4
Invocations    | 8 10 | 10.5

Action                   |  1- 3 |  4- 6 |  7- 9 | 10-12 || total
-------------------------+-------+-------+-------+-------++-------
Melee: Long sword        |    29 |   110 |    13 |       ||   152
       Headbutt          |     3 |    18 |    48 |    17 ||    86
       Great sword       |       |       |   145 |    51 ||   196
Throw: Stone             |       |       |     5 |       ||     5
       Javelin           |       |       |     6 |       ||     6
       Throwing net      |       |       |     2 |       ||     2
Evoke: Wand              |       |       |     9 |       ||     9
  Use: Potion            |     2 |     1 |       |       ||     3
       Scroll            |     1 |     9 |     7 |     2 ||    19
 Stab: Distracted        |       |     1 |       |       ||     1
       Confused          |       |       |     1 |       ||     1
  Eat: Chunk             |       |     7 |    12 |     3 ||    22
       Fruit             |       |     1 |     2 |       ||     3
Armor: Leather armour    |     4 |    22 |     4 |       ||    30
       Ring mail         |       |       |    28 |    20 ||    48
Dodge: Dodged            |    27 |    76 |   162 |    66 ||   331
       Rpst.: Long sword |     8 |    19 |     6 |       ||    33
       Great sword       |       |       |    42 |    12 ||    54
